 Dungeon Crawl Stone Soup version 0.28.0-53-g5a82cb258f (webtiles) character file.

Game seed: 11524601718851311862

102 issech the Chopper (level 4, 0/40 HPs)
             Began as a Minotaur Monk on June 9, 2022.
             Slain by an orc
             ... wielding a +0 club
              (1 damage)
             ... on level 2 of the Dungeon.
             The game lasted 00:06:47 (1750 turns).

issech the Chopper (Minotaur Monk)                  Turns: 1750, Time: 00:06:47

Health: 0/40       AC:  8    Str: 16    XL:     4   Next: 50%
Magic:  0/3        EV:  8    Int:  7    God:
Gold:   85         SH:  0    Dex: 14    Spells: 3/3 levels left

rFire   . . .      SeeInvis .   a - +0 hand axe
rCold   . . .      Faith    .   (no shield)
rNeg    . . .      Spirit   +   d - +0 chain mail
rPois   .          Reflect  .   (helmet restricted)
rElec   .          Harm     .   (no cloak)
rCorr   .          Rampage  .   (no gloves)
Will    .....                   (no boots)
Stlth   ..........              j - amulet of guardian spirit
HPRegen 0.13/turn               (no ring)
MPRegen 0.08/turn               (no ring)

@: no status effects
A: horns 2, retaliatory headbutt
a: no special abilities


You were on level 2 of the Dungeon.
You visited 1 branch of the dungeon, and saw 3 of its levels.

You collected 85 gold pieces.

Inventory:

Hand Weapons
 a - a +0 hand axe (weapon)
 k - a +0 hunting sling
Missiles
 c - 33 arrows
 e - 78 stones (quivered)
 g - 15 bolts
Armour
 b - a +0 robe
 d - a +0 chain mail (worn)
Jewellery
 j - an amulet of guardian spirit (around neck)
Scrolls
 f - 4 scrolls of identify {unknown}
 m - 2 scrolls of teleportation {unknown}
Potions
 h - 3 potions of curing {unknown}
 i - 2 potions of might {unknown}
 l - a potion of attraction {unknown}
 n - a potion of flight {unknown}
 o - 2 potions of lignification {unknown}


   Skills:
 + Level 3.9 Fighting
 + Level 4.9 Axes
 + Level 2.4 Armour
 + Level 4.0 Dodging
 + Level 1.6 Stealth


You had 3 spell levels left.
You didn't know any spells.
Your spell library contained the following spells:

 Spells                   Type           Power      Damage    Failure   Level
 Beastly Appendage        Tmut           0%         N/A       100%        1
 Pain                     Necr           0%         1d4       100%        1
 Wereblood                Tmut           0%         N/A       100%        2
 Spider Form              Tmut/Pois      0%         N/A       100%        3
 Fulminant Prism          Conj/Hex       0%         3d6       100%        4
 Iskenderun's Mystic Bla  Conj/Tloc      0%         2d3       100%        4
 Lee's Rapid Deconstruct  Erth           0%         3d5*      100%        5


Dungeon Overview and Level Annotations

Branches:
Dungeon (3/15)

Altars:

Annotations:
D:2 Grinder


Innate Abilities, Weirdness & Mutations

You have a pair of horns on your head.
You reflexively headbutt those who attack you in melee.


Message History

Things that are here:
a +0 hand axe; a +0 ring mail; a hobgoblin corpse
Things that are here:
a +0 hand axe; a +0 ring mail; a hobgoblin corpse You now have 85 gold pieces (gained 11).
Grinder and 2 orcs come into view.
The orc shouts! x2; You hear a shout! x2
An orc comes into view. It is wielding a +0 club.
Grinder gestures at you.
You suddenly lose the ability to move!
Grinder gestures at you. Pain shoots through your body!
A hobgoblin comes into view.
Grinder says, "What is the universe for?"
Grinder hits you.
You writhe in agony.
You can move again.
Grinder gestures at you. Pain shoots through your body!
* * * LOW HITPOINT WARNING * * *
Grinder gestures at you.
You suddenly lose the ability to move!
You can move again.
Grinder blinks!
There is a stone staircase leading up here.
You hit Grinder but do no damage. Grinder closely misses you.
You closely miss Grinder. Grinder hits you but does no damage.
You hit Grinder but do no damage. Your headbutt misses Grinder.
You hit the orc but do no damage.
Grinder says, "I used to sell toenails on the black market."
Grinder hits you!
* * * LOW HITPOINT WARNING * * *
You writhe in agony.
* * * LOW HITPOINT WARNING * * *
The orc closely misses you. Grinder hits you but does no damage.
The orc hits you with a +0 club.
* * * LOW HITPOINT WARNING * * *
You climb upwards.
There is a stone staircase leading down here.
Grinder blinks!
The orc hits you with a +0 club.
You die...

# #.......# ######
#.......# .....###
####.......#
####...####...)......#
######.##...##.......#
..........####.......##
########...###...5<...#
##########........###.#
....... .......@o....#
######. ########>##..#
# #§.#†.# ##....#
#÷...# #.## #?# #...##
...# #.# #.. #.÷.# ####
#.# #...##...# #.#
#...#....#


You could see Grinder and an orc.

Vanquished Creatures
  Natasha (D:3)
  3 adders
  A worm (D:3)
  A dart slug (D:3)
  2 orcs
  3 ball pythons (D:2)
  5 endoplasms (D:2)
  A giant cockroach (D:1)
  3 hobgoblins
  11 kobolds
  3 quokkas
  4 bats
  3 frilled lizards
  6 rats
47 creatures vanquished.

Vanquished Creatures (others)
  8 fungi (D:2)
  4 plants (D:2)
  11 toadstools (D:2)
23 creatures vanquished.

Grand Total: 70 creatures vanquished

Notes
Turn   | Place    | Note
-------+----------+-------------------------------------------
     0 | D:1      | issech the Minotaur Monk began the quest for the Orb.
     0 | D:1      | Reached XP level 1. HP: 19/19 MP: 0/0
   489 | D:1      | Reached XP level 2. HP: 23/27 MP: 1/1
   756 | D:2      | Found a faded altar of an unknown god.
   768 | D:2      | Got Plato's Almanac of Evil Rites
   867 | D:2      | Reached XP level 3. HP: 26/33 MP: 2/2
  1305 | D:2      | Reached skill level 1 in Armour
  1600 | D:3      | Noticed Natasha
  1605 | D:3      | Killed Natasha
  1606 | D:3      | Reached XP level 4. HP: 40/40 MP: 3/3
  1730 | D:3      | Noticed Grinder
  1730 | D:3      | Paralysed by Grinder for 6 turns
  1740 | D:3      | Paralysed by Grinder for 2 turns
  1747 | D:3      | HP: 2/40 [Grinder (5)]
  1750 | D:2      | Slain by an orc

Illustrated notes

Levels and vault maps discovered:
D:1:      minmay_arrival_hallway, layout_basic
D:2:      cheibrodos_fertilizer, layout_rooms,
          shapermc_ecumenical_altar_rom_forum
D:3:      layout_rooms, uniq_grinder, uniq_natasha

Skill      XL: |  1  2  3 |
---------------+----------+-----
Axes           | 4 |  4.9
Dodging        | 4 |  4.0
Armour         | 2 |  2.4
Fighting       | |  3.9
Stealth        | |  1.6

Action                   |  1- 3 |  4- 6 || total
-------------------------+-------+-------++-------
Melee: Hand axe          |    99 |    17 ||   116
       Headbutt          |    18 |     1 ||    19
Armor: Chain mail        |    77 |     9 ||    86
Dodge: Dodged            |    47 |     7 ||    54
